Map: Frozen Temple

Players

Xaqar

  • Race: Protoss Protoss
  • League: Bronze
  • Spawn Location: 11:00

Fropez - Winner!

  • Race: Protoss Protoss
  • League: Silver
  • Spawn Location: 5:00

VOD

Have the link to the VOD?

Description

Time

  • Played on: April 16, 2016, 5:03 p.m.
  • Length: 17:08
Show
View Real Time Build Order
Export as new Build Order

Xaqar Protoss 

Build Orders:  

Get SALT Encoding   

  12  0:02  Probe (Chrono Boost)  
  13  0:15  Pylon  
  13  0:19  Probe (Chrono Boost)  
  14  0:30  Probe (Chrono Boost)  
  15  0:40  Gateway  
  15  0:43  Probe (Chrono Boost)  
  16  0:55  Forge  
  16  0:58  Probe (Chrono Boost)  
  17  1:09  Probe (Chrono Boost)  
  18  1:23  Pylon  
  18  1:28  Zealot  
  20  1:35  Probe (Chrono Boost)  
  21  1:41  Assimilator  
  21  1:45  Pylon  
  21  1:50  Assimilator  
  21  1:54  Pylon  
  21  2:06  Photon Cannon, Zealot  
  23  2:18  Probe (Chrono Boost)  
  24  2:29  Nexus, Probe (Chrono Boost)  
  25  2:49  Cybernetics Core  
  25  2:53  Probe (Chrono Boost)  
  26  2:58  Photon Cannon  
  26  3:04  Probe (Chrono Boost)  
  26  3:21  Photon Cannon  
  26  3:27  Stalker  
  28  3:36  Stargate  
  28  3:44  Probe (Chrono Boost)  
  29  3:53  Pylon  
  29  3:54  Probe (Chrono Boost)  
  30  4:05  Probe (Chrono Boost)  
  30  4:07  Pylon  
  31  4:10  Stalker  
  31  4:15  Probe (Chrono Boost)  
  34  4:19  Probe (Chrono Boost)  
  34  4:23  Oracle  
  38  4:26  Probe (Chrono Boost)  
  39  4:35  Assimilator  
  39  4:36  Probe (Chrono Boost)  
  40  4:38  Assimilator  
  40  4:47  Probe (Chrono Boost)  
  40  4:50  Stalker  
  43  4:57  Probe (Chrono Boost)  
  43  4:59  Oracle  
  47  5:08  Probe (Chrono Boost), Stargate  
  48  5:18  Probe (Chrono Boost)  
  49  5:28  Stalker  
  51  5:29  Probe (Chrono Boost)  
  52  5:41  Oracle  
  55  5:51  Probe (Chrono Boost)  
  56  6:02  Probe (Chrono Boost)  
  57  6:12  Probe (Chrono Boost)  
  58  6:23  Probe (Chrono Boost)  
  53  6:33  Phoenix x2, Probe (Chrono Boost)  
  58  6:44  Probe (Chrono Boost)  
  59  6:54  Nexus, Probe (Chrono Boost)  
  59  6:58  Phoenix x2  
  64  7:03  Stalker  
  64  7:05  Probe (Chrono Boost)  
  67  7:10  Nexus  
  67  7:14  Pylon  
  68  7:15  Probe (Chrono Boost)  
  68  7:18  Pylon  
  68  7:21  Pylon  
  68  7:26  Photon Cannon  
  68  7:33  Stalker  
  68  7:36  Phoenix  
  72  7:37  Phoenix  
  74  7:57  Warp Gate (Chrono Boost)  
  74  8:04  Void Ray x2  
  71  8:50  Fleet Beacon  
  71  8:54  Stargate  
  71  8:59  Probe  
  72  9:10  Probe  
  72  9:15  Probe  
  73  9:20  Probe, Assimilator  
  73  9:21  Assimilator  
  75  9:24  Assimilator  
  75  9:26  Probe, Assimilator  
  75  9:28  Pylon  
  75  9:31  Pylon, Probe  
  76  9:33  Pylon  
  76  9:35  Probe  
  76  9:36  Pylon, Probe  
  79  9:41  Probe  
  79  9:45  Probe  
  80  9:46  Carrier x3  
  80  9:47  Probe  
  100  9:54  Graviton Catapult  
  100  9:56  Probe  
  100  9:57  Probe  
  102  10:04  Protoss Air Weapons Level 1 (Chrono Boost)  
  102  10:06  Probe  
  103  10:17  Probe  
  104  10:22  Gateway  
  104  10:23  Gateway  
  104  10:32  Gateway  
  104  10:34  Gateway  
  104  10:37  Gateway  
  104  10:46  Stalker  
  106  10:57  Nexus  
  106  11:49  Gateway  
  106  11:51  Carrier  
  106  11:52  Carrier x2  
  124  12:06  Protoss Air Weapons Level 2 (Chrono Boost)  
  116  12:19  Photon Cannon  
  116  12:22  Photon Cannon  
  107  12:23  Photon Cannon  
  92  12:45  Stargate  
  92  12:48  Stargate  
  90  13:33  Carrier  
  90  13:34  Carrier x2  
  94  13:53  Carrier  
  100  14:06  Zealot  
  100  14:07  Zealot x2  
  100  14:08  Zealot  
  108  14:15  Pylon  
  108  14:17  Pylon  
  108  14:22  Nexus  
  108  14:32  Pylon  
  108  14:34  Pylon  
  108  14:35  Pylon  
  108  14:38  Pylon  
  108  14:42  Assimilator  
  108  14:44  Assimilator  
  108  14:48  Zealot x2  
  108  14:49  Zealot x3  
  118  14:59  Carrier x2  
  124  15:05  Carrier  
  124  16:49  Probe  
Show
View Real Time Build Order
Export as new Build Order

Fropez Protoss - Winner!

Build Orders: Nexus First 

Get SALT Encoding   

  12  0:07  Probe (Chrono Boost)  
  13  0:22  Probe (Chrono Boost)  
  14  0:42  Probe (Chrono Boost)  
  15  0:54  Nexus  
  15  0:57  Pylon  
  15  1:15  Forge  
  15  1:20  Pylon  
  15  1:23  Probe (Chrono Boost)  
  16  1:33  Probe (Chrono Boost)  
  16  1:34  Assimilator  
  16  1:39  Assimilator  
  17  1:44  Probe (Chrono Boost)  
  18  1:53  Photon Cannon  
  18  2:03  Probe (Chrono Boost)  
  18  2:07  Pylon  
  18  2:08  Probe (Chrono Boost)  
  20  2:14  Probe (Chrono Boost)  
  21  2:18  Probe (Chrono Boost)  
  22  2:25  Gateway  
  22  2:39  Probe (Chrono Boost), Photon Cannon  
  22  2:41  Probe (Chrono Boost)  
  24  2:49  Probe (Chrono Boost)  
  25  2:52  Pylon  
  25  2:54  Probe (Chrono Boost)  
  26  3:00  Probe (Chrono Boost)  
  26  3:05  Probe (Chrono Boost)  
  28  3:12  Probe (Chrono Boost)  
  29  3:15  Zealot  
  29  3:18  Probe (Chrono Boost)  
  32  3:25  Probe (Chrono Boost), Cybernetics Core  
  33  3:30  Probe (Chrono Boost), Assimilator  
  34  3:35  Probe (Chrono Boost)  
  34  3:40  Probe (Chrono Boost)  
  35  3:43  Assimilator  
  35  3:46  Probe (Chrono Boost)  
  36  3:51  Probe (Chrono Boost)  
  36  3:52  Zealot  
  40  4:03  Warp Gate  
  40  4:06  Mothership Core (Chrono Boost)  
  40  4:07  Probe (Chrono Boost)  
  42  4:26  Probe (Chrono Boost)  
  42  4:30  Probe (Chrono Boost)  
  44  4:32  Stargate  
  44  4:36  Probe (Chrono Boost)  
  45  4:41  Probe (Chrono Boost)  
  46  4:47  Probe (Chrono Boost)  
  46  4:51  Pylon, Probe (Chrono Boost), Stargate  
  48  4:57  Probe (Chrono Boost)  
  49  5:00  Protoss Shields Level 1  
  49  5:08  Probe (Chrono Boost)  
  49  5:09  Cybernetics Core  
  49  5:10  Probe (Chrono Boost)  
  49  5:12  Sentry  
  53  5:19  Probe (Chrono Boost)  
  54  5:22  Probe (Chrono Boost)  
  55  5:29  Probe (Chrono Boost)  
  55  5:31  Nexus, Phoenix  
  58  5:38  Oracle  
  61  5:49  Probe (Chrono Boost)  
  62  5:51  Pylon  
  62  5:52  Probe (Chrono Boost)  
  62  5:56  Phoenix  
  65  5:57  Protoss Air Weapons Level 1  
  65  6:04  Protoss Air Armor Level 1  
  65  6:05  Probe (Chrono Boost)  
  47  6:31  Probe x2 (Chrono Boost)  
  49  6:41  Probe (Chrono Boost)  
  50  6:56  Probe x2 (Chrono Boost)  
  52  7:03  Probe (Chrono Boost)  
  53  7:10  Void Ray (Chrono Boost)  
  53  7:11  Void Ray (Chrono Boost)  
  61  7:25  Fleet Beacon  
  61  7:27  Probe, Robotics Facility  
  61  7:28  Probe  
  63  7:30  Pylon  
  63  7:34  Probe  
  64  7:37  Pylon x2  
  64  7:38  Pylon, Probe  
  65  7:45  Probe  
  65  7:48  Probe  
  65  7:49  Void Ray x2 (Chrono Boost)  
  75  7:51  Probe  
  76  8:00  Probe  
  76  8:02  Probe  
  76  8:05  Probe  
  79  8:10  Protoss Air Weapons Level 2  
  79  8:11  Protoss Air Armor Level 2  
  79  8:17  Assimilator  
  79  8:19  Assimilator  
  69  8:39  Stalker  
  67  8:43  Probe  
  67  8:44  Probe  
  67  8:45  Probe  
  70  8:55  Nexus  
  70  8:56  Probe  
  70  8:57  Probe  
  70  8:59  Assimilator  
  70  9:00  Probe  
  70  9:01  Assimilator  
  73  9:04  Pylon  
  73  9:07  Pylon, Observer  
  73  9:09  Probe  
  75  9:10  Probe  
  75  9:13  Probe  
  77  9:19  Probe, Gateway  
  77  9:22  Gateway  
  77  9:23  Stalker  
  80  9:27  Probe  
  81  9:31  Probe  
  81  9:33  Probe  
  83  9:41  Carrier (Chrono Boost)  
  89  9:49  Tempest (Chrono Boost)  
  89  9:50  Probe  
  94  9:58  Probe  
  94  10:00  Probe  
  94  10:01  Twilight Council  
  94  10:04  Probe  
  94  10:07  Probe  
  97  10:09  Probe  
  99  10:20  Probe  
  99  10:21  Probe  
  100  10:22  Stargate  
  100  10:23  Observer, Stargate  
  100  10:28  Probe  
  103  10:30  Probe, Stalker  
  106  10:40  Carrier (Chrono Boost)  
  112  10:44  Observer, Probe  
  112  10:46  Probe  
  115  11:04  Gateway  
  115  11:05  Pylon  
  115  11:06  Gateway  
  115  11:07  Pylon  
  115  11:08  Gateway  
  115  11:09  Probe  
  115  11:10  Probe  
  115  11:11  Gateway  
  117  11:15  Probe  
  118  11:20  Carrier (Chrono Boost)  
  124  11:26  Pylon  
  124  11:30  Probe  
  124  11:32  Pylon, Probe  
  137  11:37  Pylon  
  137  11:39  Carrier (Chrono Boost)  
  137  11:40  Carrier (Chrono Boost)  
  137  11:42  Probe  
  137  11:44  Probe  
  137  11:45  Pylon  
  139  11:48  Probe  
  140  11:57  Stalker x3  
  146  12:01  Probe  
  146  12:02  Probe  
  146  12:04  Probe  
  149  12:13  Carrier (Chrono Boost)  
  155  12:35  Carrier (Chrono Boost)  
  167  12:48  Observer  
  168  12:56  Stalker x2  
  168  12:57  Stalker x2  
  188  13:05  Carrier x2 (Chrono Boost)  
  188  13:16  Stalker  
  188  13:17  Stalker x2  
  194  13:20  Stalker x3  
  194  13:24  Protoss Air Weapons Level 3  
  194  13:25  Protoss Air Armor Level 3  
  196  13:35  Protoss Shields Level 2  
  196  13:40  Carrier (Chrono Boost)  
  200  13:58  Nexus  
  200  14:01  Assimilator  
  200  14:03  Assimilator  
  200  14:30  Graviton Catapult  
  200  14:36  Nexus  
  200  14:42  Nexus  
  200  14:46  Assimilator  
  200  14:48  Assimilator  
  200  14:50  Pylon  
  200  15:00  Gateway  
  200  15:06  Gateway  
  200  15:07  Gateway  
  200  15:09  Gateway  
  200  15:12  Dark Shrine  
  200  15:15  Pylon  
  200  15:35  Pylon x2  
  200  15:36  Pylon  
  194  16:00  Pylon  
  194  16:02  Pylon  
  194  16:04  Pylon  
  190  16:08  Pylon x2  
  190  16:10  Stalker x5  
  199  16:14  Zealot  
  199  16:15  Zealot  
  199  16:17  Zealot  
  185  16:40  Pylon  
  185  16:44  Pylon  
  185  16:57  Zealot x2  
  185  16:58  Zealot x5  
Tags
 
Matchup
PvP
Replay Pack
All Mines
Spawn Locations
Cross Positions
Add a new tag
Caveats
  • Supply blocks, unpowered buildings, or Contaminate may cause inaccurate times.
  • Supply counts are checked every 10 seconds.